 Dungeon Crawl Stone Soup version 0.22-a0-392-g5dc3fd9 (webtiles) character file.

12603 UnrealSpeedPerson7 the Cleaver (level 11, -2/100 HPs)
             Began as a Deep Dwarf Fighter on May 1, 2018.
             Was a Priest of Makhleb.
             Slain by an 11-headed hydra (12 damage)
             ... on level 1 of the Lair of Beasts.
             The game lasted 00:06:39 (6223 turns).

UnrealSpeedPerson7 the Cleaver (Deep Dwarf Fighter) Turns: 6223, Time: 00:06:40

Health: -2/100     AC: 17    Str: 22    XL:     11   Next: 64%
Magic:  24/24      EV:  8    Int: 10    God:    Makhleb [***...]
Gold:   603        SH: 11    Dex: 12    Spells: 10/10 levels left

rFire    x . .     SeeInvis .   a - +0 war axe
rCold    . . .     Gourm    .   h - +0 shield
rNeg     . . .     Faith    .   B - +0 scale mail (curse)
rPois    +         Spirit   .   K - +2 helmet "Luacokheufo" {rPois rF- Slay+3}
rElec    .         Reflect  .   A - +2 cloak
rCorr    .         Harm     .   (no gloves)
MR       +....                  t - +1 pair of boots
Stlth    ..........             (no amulet)
HPRegen  0.00/turn              y - ring of magical power
MPRegen  0.19/turn              I - +3 ring of slaying

@: non-regenerating
A: damage resistance, heal wounds, sense surroundings 2, no regeneration
a: Heal Wounds, Minor Destruction, Lesser Servant of Makhleb, Renounce Religion


You were on level 1 of the Lair of Beasts.
You worshipped Makhleb.
Makhleb was most pleased with you.
You were not hungry.

You visited 3 branches of the dungeon, and saw 14 of its levels.

You collected 603 gold pieces.

Inventory:

Hand Weapons
 a - a +0 war axe (weapon)
Missiles
 C - a throwing net (quivered) {!f}
Armour
 b - a +0 scale mail
 h - a +0 shield (worn)
 s - a +2 helmet
 t - a +1 pair of boots (worn)
 A - a +2 cloak (worn)
 B - a cursed +0 scale mail (worn)
 K - the +2 helmet "Luacokheufo" (worn) {rPois rF- Slay+3}
   (You found it on level 10 of the Dungeon)

   It affects your accuracy and damage with ranged weapons and melee attacks
   (+3).
   It makes you vulnerable to fire.
   It protects you from poison.
Jewellery
 y - a ring of magical power (left hand)
 E - an uncursed ring of ice
 I - a +3 ring of slaying (right hand)
Wands
 w - a wand of digging (20)
 D - a wand of scattershot (4)
 P - a wand of polymorph (13)
Scrolls
 f - a scroll of magic mapping {unknown}
 g - 2 scrolls of fear {unknown}
 j - 9 scrolls of identify {unknown}
 k - 4 scrolls of enchant armour {unknown}
 m - 6 scrolls of remove curse {unknown}
 n - 2 scrolls of amnesia {unknown}
 o - 2 scrolls of enchant weapon {unknown}
 u - 2 scrolls of random uselessness {unknown}
 v - 8 scrolls of teleportation {unknown}
 F - a scroll of noise {unknown}
 H - a scroll of brand weapon {unknown}
 M - a scroll of blinking {unknown}
 N - a scroll of torment {unknown}
Potions
 c - 3 potions of curing
 d - 2 potions of might
 i - a potion of brilliance {unknown}
 l - a potion of cancellation
 p - a potion of invisibility {unknown}
 q - a potion of berserk rage
 r - 2 potions of degeneration {!q}
 x - 2 potions of mutation {unknown}
 z - a potion of heal wounds {unknown}
 G - a potion of haste {unknown}
 J - a potion of lignification {unknown}
 O - a potion of ambrosia {unknown}
Comestibles
 e - 17 rations
 L - 6 chunks of flesh


   Skills:
 + Level 7.5 Fighting
 * Level 11.8 Axes
 + Level 9.0 Armour
 + Level 9.0 Shields
 * Level 10.4 Invocations


You had 10 spell levels left.
You didn't know any spells.

Dungeon Overview and Level Annotations

Branches:
Dungeon (12/15)            Temple (1/1) D:6            Lair (1/6) D:8
    Orc (0/2) D:12

Altars:
Ashenzari
Dithmenos
Elyvilon
Gozag
Hepliaklqana
Kikubaaqudgha
Makhleb
Nemelex Xobeh
Okawaru
Qazlal
Sif Muna
Trog
Uskayaw
Wu Jian
Xom
Yredelemnul
The Shining One


Innate Abilities, Weirdness & Mutations

You are resistant to damage.
You can heal yourself by infusing magical energy.
You passively map the area around you.
You do not regenerate.


Message History

You block the 11-headed hydra's attack. x2; The 11-headed hydra bites you.
You block the 11-headed hydra's attack. The 11-headed hydra bites you.
The 11-headed hydra bites you!
Unknown command.
A demon appears!
The 11-headed hydra bites you but does no damage.
You block the 11-headed hydra's attack. The 11-headed hydra bites you!
* * * LOW HITPOINT WARNING * * *
You block the 11-headed hydra's attack. x2
The 11-headed hydra bites you but does no damage.
You block the 11-headed hydra's attack. The 11-headed hydra bites you!
* * * LOW HITPOINT WARNING * * *
The 11-headed hydra bites you but does no damage.
The 11-headed hydra bites you.
The 11-headed hydra bites you but does no damage.
Unknown command.
The 11-headed hydra bites you but does no damage.
The 11-headed hydra closely misses you. You block the 11-headed hydra's attack.
The 11-headed hydra bites you. The 11-headed hydra bites you!
You die...

,* ,* *##.............
, * #.#......P.P.P.P. ,
, ................. ,,
, , ............#... ,
*,, .♣##+#.#...#.###,
*, , ,*
♣♣♣♣♣..#........, , *
*, **,♣..P♣3.......###
, * * , ♣..+##.....## ,
* ,, ♣♣♣.@D......# ,
♣♣♣♣♣♣♣♣.........## ,,
,,..b...............##
,
,...........##P###...##
*
...........#####≈≈...#
,
............##...≈≈..#
...........##..≈≈≈≈≈..
* ,,
*#..P..P.....≈≈≈≈≈≈≈≈.
, ,
#.#..P...##.≈≈≈≈≈≈≈≈≈,
, ,


You could see a 11-headed hydra.

Vanquished Creatures
  2 two-headed ogres
  A tengu warrior (D:11)
  A wizard (D:12)
  2 manticores (D:11)
  Joseph (D:9)
  A centaur skeleton (D:11)
  2 komodo dragons
  A hornet (D:9)
  A hippogriff (D:10)
  Grinder (D:5)
  8 yaks
  Grum (D:9)
  A steam dragon (D:10)
  A wyvern (D:12)
  A vampire (D:10)
  The ghost of azzavlup the Poker, an amateur DsAK of Lugonu (D:3)
  A hungry ghost (D:10)
  Edmund (D:4)
  2 hell hounds (D:8)
  5 ice beasts
  2 orc warriors
  3 sky beasts
  3 black bears
  A necrophage (D:9)
  8 ogres
  2 wolves (D:9)
  4 centaurs
  A big kobold (D:9)
  5 bullfrogs
  A wyvern zombie (D:8)
  3 scorpions
  A water moccasin skeleton (D:7)
  8 killer bees
  An electric eel (D:11)
  A bullfrog zombie (D:9)
  3 crimson imps
  A quasit (D:4)
  5 centaur zombies
  3 hounds
  A jelly (D:5)
  4 orc priests
  3 bullfrog skeletons
  5 orc wizards
  Jessica (D:2)
  4 iguanas
  8 worker ants
  2 worker ant zombies (D:5)
  16 adders
  7 gnolls
  3 shadow imps
  An adder skeleton (D:4)
  An adder zombie (D:6)
  2 worms (D:5)
  2 dart slugs
  4 leopard geckos
  39 orcs
  3 ball pythons
  3 giant cockroaches (D:1)
  3 goblins
  5 hobgoblins
  4 jackals
  5 quokkas
  8 bats
  4 frilled lizards
  8 kobolds
  A leopard gecko skeleton (D:4)
  A quokka zombie (D:9)
  4 rats
243 creatures vanquished.

Notes
Turn   | Place    | Note
-------+----------+-------------------------------------------
     0 | D:1      | UnrealSpeedPerson7 the Deep Dwarf Fighter began the quest for the Orb.
     0 | D:1      | Reached XP level 1. HP: 20/20 MP: 1/1
   102 | D:1      | Reached XP level 2. HP: 27/27 MP: 2/2
   318 | D:2      | Noticed an ogre
   327 | D:2      | Killed an ogre
   327 | D:2      | Reached skill level 3 in Axes
   327 | D:2      | Reached XP level 3. HP: 34/34 MP: 3/3
   327 | D:2      | Reached XP level 4. HP: 42/42 MP: 4/4
   392 | D:2      | Noticed Jessica
   403 | D:2      | Killed Jessica
   408 | D:2      | Reached skill level 4 in Axes
   408 | D:2      | Reached XP level 5. HP: 37/49 MP: 5/5
   899 | D:3      | Noticed azzavlup's ghost (amateur DsAK)
   918 | D:3      | Killed azzavlup's ghost
   918 | D:3      | Reached XP level 6. HP: 39/57 MP: 5/5
   939 | D:3      | Found a stormy altar of Qazlal.
   941 | D:3      | Noticed a water elemental
   942 | D:3      | Noticed an air elemental
   942 | D:3      | Noticed a fire elemental
  1081 | D:4      | Reached skill level 5 in Axes
  1209 | D:4      | Reached XP level 7. HP: 33/64 MP: 6/6
  1347 | D:4      | Reached skill level 5 in Armour
  1450 | D:4      | Noticed Edmund
  1452 | D:4      | Reached skill level 5 in Shields
  1470 | D:4      | Killed Edmund
  1470 | D:4      | Reached skill level 6 in Axes
  1531 | D:5      | Entered Level 5 of the Dungeon
  1606 | D:5      | Reached XP level 8. HP: 53/73 MP: 6/6
  1737 | D:5      | Reached skill level 7 in Axes
  1956 | D:5      | Noticed Grinder
  1965 | D:5      | Killed Grinder
  1965 | D:5      | Reached skill level 5 in Fighting
  2053 | D:5      | Found a sand-covered staircase.
  2439 | D:6      | Found a staircase to the Ecumenical Temple.
  2510 | Temple   | Entered the Ecumenical Temple
  2603 | Temple   | Became a worshipper of Makhleb the Destroyer
  2848 | D:7      | Reached skill level 8 in Axes
  3047 | D:7      | Found a glowing golden altar of the Shining One.
  3305 | D:8      | Reached skill level 1 in Invocations
  3316 | D:8      | Gained mutation: You passively map the area around you. [Deep Dwarf growth]
  3316 | D:8      | Reached XP level 9. HP: 54/81 MP: 7/7
  3599 | D:8      | Found a staircase to the Lair.
  3734 | D:8      | Reached * piety under Makhleb
  3762 | D:8      | Reached skill level 9 in Axes
  3880 | D:8      | Noticed a two-headed ogre
  3891 | D:8      | Killed a two-headed ogre
  3891 | D:8      | Reached skill level 5 in Invocations
  4370 | D:9      | Noticed a two-headed ogre
  4381 | D:9      | Killed a two-headed ogre
  4381 | D:9      | Reached XP level 10. HP: 49/92 MP: 11/11
  4410 | D:9      | Reached skill level 10 in Axes
  4476 | D:9      | Reached ** piety under Makhleb
  4524 | D:9      | Paralysed by a hornet for 2 turns
  4588 | D:9      | Noticed Joseph
  4610 | D:9      | Killed Joseph
  4628 | D:9      | Noticed Grum
  4652 | D:9      | Killed Grum
  4858 | D:10     | Entered Level 10 of the Dungeon
  4878 | D:10     | Got a jewelled helmet
  4889 | D:10     | Identified the +2 helmet "Luacokheufo" {rPois rF- Slay+3} (You found it on level 10 of the Dungeon)
  5194 | D:10     | Reached XP level 11. HP: 97/100 MP: 14/14
  5205 | D:10     | Reached skill level 11 in Axes
  5231 | D:10     | Reached *** piety under Makhleb
  5554 | D:10     | You fall through a shaft for 2 floors!
  5554 | D:12     | Noticed a wizard
  5562 | D:12     | Killed a wizard
  5863 | D:11     | Noticed a tengu warrior
  5873 | D:11     | Reached skill level 10 in Invocations
  5895 | D:11     | Killed a tengu warrior
  6140 | Lair:1   | Entered Level 1 of the Lair of Beasts
  6181 | Lair:1   | Noticed a seven-headed hydra
  6223 | Lair:1   | Slain by an 11-headed hydra

Vault maps used:
D:1:      dpeg_arrival_more_subterranean_lakeside_camping
D:2:      lemuel_coloured_pillars_altar, uniq_jessica
D:3:      first_ration, nicolae_qazlal_style_of_elements
D:4:      nrook_uturn, minmay_misc_feat_rows, uniq_edmund
D:5:      enter_ossuary_2, kennysheep_generic_room_15, uniq_grinder
D:6:      minmay_temple_entry_trees
D:7:      gammafunk_temple_overflow_forgotten, tso_metal_star,
          lemuel_flamethrower_2
D:8:      minmay_lair_entry_lava, grunt_pizzeria
D:9:      uniq_joseph, uniq_grum
D:11:     cheibrodos_helix_gallery, hex_large, hangedman_abyss_or_decor_clamps
D:12:     orc_0_dummy
Temple:   minmay_crystal_spiral_temple
Lair:1:   serial_forest, infiniplex_forest_clump_curved,
          infiniplex_forest_straight_2, infiniplex_forest_zigzag_1,
          infiniplex_forest_lined_3, infiniplex_forest_straight_1,
          infiniplex_forest_lined_3_way, infiniplex_forest_zigzag_1,
          infiniplex_staircase_pool_2, lemuel_fruit_fields, uniq_erica

Skill      XL: |  1  2  3  4  5  6  7  8  9 10 11 |
---------------+----------------------------------+-----
Fighting       | 3 4 5 6 7 |  7.5
Axes           | 3 4 5 6 8 9 10 11 | 11.8
Armour         | 4 5 6 7 8 9 |  9.0
Shields        | 4 5 6 7 8 9 |  9.0
Invocations    | 2 6 8 10 | 10.4

Action                   |  1- 3 |  4- 6 |  7- 9 | 10-12 || total
-------------------------+-------+-------+-------+-------++-------
Melee: War axe           |    47 |   138 |   406 |   323 ||   914
Invok: Lesser Servant of |       |       |       |     1 ||     1
 Abil: Heal Wounds       |     1 |     4 |    11 |     8 ||    24
  Use: Potion            |       |       |     4 |       ||     4
  Eat: Chunk             |       |     1 |    11 |     8 ||    20
Armor: Scale mail        |    16 |    85 |   200 |   191 ||   492
Dodge: Dodged            |    15 |    65 |   111 |   135 ||   326
Block: Shield            |    23 |    90 |   258 |   238 ||   609

Table legend:
 A = Spawn XP
 B = Non-spawn XP
 C = Spawn XP percentage of total XP
 D = Spawn monster count
 E = Non-spawn monster count
 F = Spawn count percentage of total count
 G = Total turns spent on level
                    A         B        C        D         E        F      G
               +---------+---------+-------+---------+---------+-------+---------
         Total |       0 |   18005 |   0.0 |       0 |     243 |   0.0 |  6223
               +---------+---------+-------+---------+---------+-------+---------
           D:1 |       0 |      25 |   0.0 |       0 |      16 |   0.0 |   296
           D:2 |       0 |     222 |   0.0 |       0 |      16 |   0.0 |   551
           D:3 |       0 |     213 |   0.0 |       0 |      11 |   0.0 |   223
           D:4 |       0 |     623 |   0.0 |       0 |      29 |   0.0 |   461
           D:5 |       0 |     854 |   0.0 |       0 |      24 |   0.0 |   687
           D:6 |       0 |     392 |   0.0 |       0 |      14 |   0.0 |   411
           D:7 |       0 |     159 |   0.0 |       0 |      11 |   0.0 |   599
           D:8 |       0 |    2402 |   0.0 |       0 |      23 |   0.0 |   811
           D:9 |       0 |    3923 |   0.0 |       0 |      39 |   0.0 |   703
          D:10 |       0 |    4100 |   0.0 |       0 |      29 |   0.0 |   721
          D:11 |       0 |    3656 |   0.0 |       0 |      27 |   0.0 |   330
          D:12 |       0 |    1081 |   0.0 |       0 |       3 |   0.0 |   194
        Lair:1 |       0 |     355 |   0.0 |       0 |       1 |   0.0 |    83
               +---------+---------+-------+---------+---------+-------+---------
